AoeStats
← VENÓN | Voy La Darkstorm

Golden Pit

509276077Analyzed
1v1 RM · 5d ago on Sep 26, 2026· 29m 50s· 2 players
Game mode
Random Map
Map size
Tiny (2 player)
Population
200
Speed
Normal
Resources
Standard
Victory
Conquest
Starting age
Dark Age
Ending age
Imperial Age
RankedLock teamsTeams togetherTeam positionsShared explorationLock speedFull tech treeHidden civsTurbo modeCheats
Victory
Defeat
1764
+11
🇦🇺 Varangians · Australia
1660
-11
VENÓN | Voy La Darkstorm
6:22 Loom
8:46 Feudal Age
9:34 Double-Bit Axe
10:18 Horse Collar
19:04 Castle Age
18:13 Scale Barding Armor
19:37 Bloodlines
19:54 Husbandry
20:07 Forging
20:40 Bow Saw
21:13 Town Watch
27:14 Light Cavalry
27:56 Fletching
Couch Dog
7:11 Loom
9:20 Feudal Age
10:36 Double-Bit Axe
11:49 Horse Collar
15:44 Wheelbarrow
16:13 Town Watch
19:04 Castle Age
18:24 Fletching
18:46 Bloodlines
19:13 Padded Archer Armor
19:55 Bodkin Arrow
20:20 Bow Saw
25:05 Leather Archer Armor
25:59 Ballistics
26:12 Scale Barding Armor
Connection lost

Rejoining the realm…

Still unreachable

The connection could not be restored.

Session expired

The server has moved on; the page needs a fresh start.